 Dungeon Crawl Stone Soup version 0.31-a0-210-gccc998df9b (webtiles) character file.

Game seed: 7530203715108090992

53 Dittersdorf the Covered (level 3, -1/24 HPs)
             Began as a Gargoyle Fighter on June 29, 2023.
             Slain by a hobgoblin (2 damage)
             ... led by Robin
             ... on level 3 of the Dungeon.
             The game lasted 00:01:46 (1534 turns).

Dittersdorf the Covered (Gargoyle Fighter)          Turns: 1534, Time: 00:01:46

Health: -1/24      AC: 15    Str: 21    XL:     3   Next: 87%
Magic:  0/3        EV:  9    Int:  8    God:
Gold:   87         SH:  4    Dex:  9    Spells: 2/2 levels left

rFire   . . .        a - +0 flail
rCold   . . .        c - +0 buckler
rNeg    + . .        b - +0 scale mail
rPois   ∞            (no helmet)
rElec   +            o - +0 cloak
rCorr   .            (no gloves)
SInv    .            (no boots)
Will    .....        s - amulet of guardian spirit Stlth
                     g - +4 ring of protection
HPRegen 0.24/turn    (no ring)
MPRegen 0.08/turn

%: guardian spirit
@: no status effects
A: sickness immunity, AC +3, negative energy resistance 1, electricity
resistance, torment resistance 1, petrification resistance
a: no special abilities


You were on level 3 of the Dungeon.
You visited 1 branch of the dungeon, and saw 3 of its levels.

You collected 87 gold pieces.

Inventory:

Hand Weapons
 a - a +0 flail (weapon)
Missiles
 f - 5 poisoned darts
Armour
 b - a +0 scale mail (worn)
 c - a +0 buckler (worn)
 e - a +0 plate armour
 o - a +0 cloak (worn)
Jewellery
 g - a +4 ring of protection (left hand)
 s - an amulet of guardian spirit (around neck)
Scrolls
 i - 3 scrolls of teleportation {unknown}
 k - 5 scrolls of fear {unknown}
 m - a scroll of immolation {unknown}
 p - a scroll of amnesia {unknown}
 q - a scroll of brand weapon {unknown}
 r - a scroll of vulnerability {unknown}
 t - a scroll of poison {unknown}
 y - a scroll of identify {unknown}
Potions
 d - a potion of might
 h - a potion of cancellation {unknown}
 j - a potion of haste {unknown}
 l - a potion of lignification {unknown}
 n - a potion of magic {unknown}
 u - a potion of mutation {unknown}
 v - a potion of heal wounds {unknown}
 w - 3 potions of curing {unknown}
 x - a potion of attraction {unknown}


   Skills:
 + Level 3.8 Fighting
 + Level 2.7 Maces & Flails
 + Level 3.8 Armour
 + Level 3.7 Shields


You had 2 spell levels left.
You didn't know any spells.
Your spell library was empty.

Dungeon Overview and Level Annotations

Branches:
Dungeon (3/15)

Altars:

Shops:
D:2 *(=[=

Annotations:
D:3 Robin


Innate Abilities, Weirdness & Mutations

You are immune to sickness and miasma.
Your stone body is resilient. (AC +3)
You are immune to poison.
You resist negative energy. (rN+)
You are resistant to electric shocks. (rElec)
You are resistant to unholy torment.
You are immune to petrification.


Message History

Robin roars a battlecry!
The goblins go into a battle-frenzy!
You block the hobgoblin's attack. You block the goblin's attack.
The adder bites you but does no damage.
You closely miss the adder. Robin completely misses you.
The hobgoblin closely misses you. The goblin hits you but does no damage.
The adder bites you.
The hobgoblin hits you but does no damage.
The goblin hits you but does no damage. Robin hits you with a +4 club.
The adder bites you but does no damage. Robin throws the goblin at you!
You barely miss the goblin. The adder bites you but does no damage.
The goblin hits you but does no damage. The hobgoblin barely misses you.
Robin roars a battlecry!
The goblin goes into a battle-frenzy!
You barely miss the goblin. The adder bites you. You block Robin's attack.
The goblin hits you but does no damage. The hobgoblin completely misses you.
The adder bites you but does no damage.
You hit the goblin.
The goblin is moderately wounded.
The adder bites you but does no damage. Robin throws the goblin at you!
The goblin hits you with a +0 dagger.
* * * LOW HITPOINT WARNING * * *
The hobgoblin hits you.
* * * LOW HITPOINT WARNING * * *
The goblin hits you but does no damage.
You completely miss the goblin.
The goblin is moderately wounded.
The adder bites you but does no damage. You block Robin's attack.
The goblin closely misses you. The hobgoblin closely misses you.
The goblin closely misses you. The adder bites you but does no damage.
You closely miss the goblin.
The goblin is moderately wounded.
Robin's bangles clink loudly.
The goblin completely misses you. The hobgoblin barely misses you.
The goblin hits you with a +0 dagger.
* * * LOW HITPOINT WARNING * * *
The adder bites you but does no damage. You block the goblin's attack.
The hobgoblin hits you but does no damage.
The hobgoblin hits you.
You die...

####.......#..#..#..#
#..#..##..#..#..#(.#.
.### #....##.............
....###...##........#..#<
#$.....#$.#..#...#####.##
#............###..# #.#
..............##.# #
#...g#g.(.......#
#.)gg@##.#$#......
#..gSgg.....#.#..#
#...####.#...... #...
..#...... ..... ... ....
....... .. .(. ...#...
....... ....##.


You could see Robin, an adder, 3 hobgoblins and 3 goblins.

Vanquished Creatures
  An adder (D:2)
  A worm (D:2)
  5 ball pythons
  3 bats
  2 endoplasms (D:1)
  5 giant cockroaches
  6 goblins
  6 hobgoblins
  A quokka (D:3)
  5 frilled lizards (D:1)
  A kobold (D:3)
  A rat (D:1)
37 creatures vanquished.

Notes
Turn   | Place    | Note
-------+----------+-------------------------------------------
     0 | D:1      | Dittersdorf the Gargoyle Fighter began the quest for the
                  | Orb.
     0 | D:1      | Reached XP level 1. HP: 14/14 MP: 1/1
    98 | D:1      | Reached XP level 2. HP: 12/19 MP: 2/2
   916 | D:2      | Found Gofur's General Store.
   949 | D:2      | Reached XP level 3. HP: 23/23 MP: 3/3
   968 | D:2      | Found Ynni's Armour Shoppe.
  1028 | D:2      | Found Souhudgh's Jewellery Emporium.
  1189 | D:2      | Found Luwnihobre's Antique Weapon Emporium.
  1422 | D:2      | Found Usipoetraa's Jewellery Shoppe.
  1513 | D:3      | Noticed Robin
  1534 | D:3      | HP: 1/24 [goblin/+0 dagger[Robin] (3)]
  1534 | D:3      | Slain by a hobgoblin

Illustrated notes

Levels and vault maps discovered:
D:1:      dpeg_arrival_tiny_h, layout_basic, minmay_lizard_pond
D:2:      layout_rooms, serial_shops, shop, nicolae_shop_hallway_stairs,
          nicolae_shop_pleasant_corner_grove, shop, shop,
          dreamdust_princess_corridor
D:3:      layout_rooms, nicolae_overflow_hidden_temple,
          minmay_misc_feat_diagonals, grunt_ministairs_9, uniq_robin

Action                     || total
---------------------------++-------
  Melee: Flail             ||   122
 Armour: Scale mail        ||   100
  Dodge: Dodged            ||    73
  Block: Buckler           ||    36

Table legend: (Time is in decaauts)
 A = Elapsed time spent in this place.
 B = Non-inter-level travel time spent in this place.
 C = Inter-level travel time spent in this place.
 D = Time resting spent in this place.
 E = Time spent auto-exploring this place.
 F = Levels seen in this place.
 G = Mean time per level.
                   A        B        C        D        E       F      G
               +--------+--------+--------+--------+--------+-----+--------+
         Total |   1571 |   1531 |     40 |     27 |   1181 |   3 |  523.7 |
       Dungeon |   1571 |   1531 |     40 |     27 |   1181 |   3 |  523.7 |
               +--------+--------+--------+--------+--------+-----+--------+

Top non-repeatable levels by time:
     D:1: 938 daAuts
     D:2: 557 daAuts
     D:3: 75 daAuts
